 Dungeon Crawl Stone Soup version 0.22.0-49-gab54619 (webtiles) character file.

186 Lew the Cudgeler (level 5, -4/48 HPs)
             Began as a Gargoyle Fighter on Sept 3, 2018.
             Slain by Menkaure (12 damage)
             ... on level 3 of the Dungeon.
             The game lasted 00:05:12 (2700 turns).

Lew the Cudgeler (Gargoyle Fighter)                 Turns: 2700, Time: 00:05:13

Health: -4/48      AC: 22    Str: 20    XL:     5   Next: 65%
Magic:  5/5        EV:  2    Int:  8    God:
Gold:   201        SH: 10    Dex: 10    Spells: 4/4 levels left

rFire    . . .     SeeInvis .   a - +0 flail
rCold    . . .     Gourm    .   c - +1 shield
rNeg     + + +     Faith    .   (armour currently unavailable)
rPois    ∞         Spirit   .   (helmet currently unavailable)
rElec    .         Reflect  .   (cloak currently unavailable)
rCorr    .         Harm     .   (gloves currently unavailable)
MR       .....     NoTele   +   (boots currently unavailable)
Stlth    +.........             (no amulet)
HPRegen  0.16/turn              (no ring)
MPRegen  0.09/turn              (no ring)

@: tree-form
A: negative energy resistance 1, petrification resistance, rot immunity, AC +4
a: no special abilities


You were on level 3 of the Dungeon.
You were not hungry.
You were a tree.
You visited 1 branch of the dungeon, and saw 4 of its levels.

You collected 201 gold pieces.

Inventory:

Hand Weapons
 a - a +0 flail (weapon)
Armour
 b - a +0 scale mail (melded)
 c - a +1 shield (worn)
 j - a +2 pair of gloves (melded)
 o - a +1 hat (melded)
 p - a +0 cloak (melded)
Scrolls
 e - 2 scrolls of noise
 i - a scroll of magic mapping
 k - 2 scrolls of identify
 l - 2 scrolls of teleportation
 r - 4 scrolls of enchant weapon
 s - a scroll of remove curse
Potions
 d - 2 potions of might
 h - 3 potions of lignification
 m - a potion of flight
 n - a potion of invisibility {unknown}
 q - 3 potions of agility
Comestibles
 f - 7 rations


   Skills:
 - Level 3.2 Fighting
 + Level 5.7 Maces & Flails
 - Level 3.2 Armour
 - Level 3.2 Shields


You had 4 spell levels left.
You didn't know any spells.
Your spell library was empty.

Dungeon Overview and Level Annotations

Branches:
Dungeon (4/15)
 Temple: D:4-7

Altars:
Ashenzari
Gozag

Annotations:
D:3 Menkaure


Innate Abilities, Weirdness & Mutations

You are resistant to torment.
((Your stone body is resilient. (AC +4)))
You are immune to poison.
You resist negative energy. (rN+)
((You are resistant to electric shocks. (rElec)))
((You can survive without breathing.))
You are immune to petrification.
You are immune to rotting.


Message History

Ouch! That really hurt!
* * * LOW HITPOINT WARNING * * *
You are too injured to fight recklessly!
You are too injured to fight recklessly!
You are too injured to fight recklessly!
You are too injured to fight recklessly!
You are too injured to fight recklessly!
You are too injured to fight recklessly!
You are too injured to fight recklessly!
You are too injured to fight recklessly!
Okay, then.
You turn into a tree.
Your +0 cloak melds into your body.
Your +1 hat melds into your body.
Your +2 pair of gloves melds into your body.
Your +0 scale mail melds into your body.
Your roots penetrate the ground.
Menkaure hits you but does no damage.
You hit Menkaure.
Menkaure is almost destroyed.
Menkaure hits you!
You die...

#.##########.)....#.# #.######.#
.............######.####.# #.#
######.#####.# #....#.# #.# #
##...## #.# ####.#.# #.# #
#.....###.# #.#.# #.# #
#......##.# #.#.# #.# #
#......##.# ##.#.######.# #
#....#.##.########...........# #
#.#.##.##...(♣M.....#.##.##### #
#.#.##.##.###########.##.## #
#....#......# #..........#
#.......###.#####.######..#
##...##.# #....###.†...##.##
#..###.###.##.####.##)###.##
#.####...(.#...####.###)##.## ##
#.##.................##...).#
.####.#.....####...####...######.


You could see Menkaure.

Vanquished Creatures
  A jelly (D:3)
  An iguana (D:4)
  A howler monkey skeleton (D:3)
  7 adders
  An ooze (D:3)
  A worm (D:2)
  A dart slug (D:3)
  2 leopard geckos
  An orc (D:3)
  10 bats
  4 giant cockroaches
  4 goblins
  4 hobgoblins (D:3)
  A quokka (D:4)
  2 frilled lizards (D:4)
  A jackal skeleton (D:4)
  8 kobolds
  5 rats
55 creatures vanquished.

Notes
Turn   | Place    | Note
-------+----------+-------------------------------------------
     0 | D:1      | Lew the Gargoyle Fighter began the quest for the Orb.
     0 | D:1      | Reached XP level 1. HP: 14/14 MP: 1/1
    91 | D:1      | Reached XP level 2. HP: 16/19 MP: 2/2
   282 | D:1      | Reached skill level 3 in Maces & Flails
   684 | D:2      | Reached XP level 3. HP: 13/23 MP: 3/3
   876 | D:2      | Found a shattered altar of Ashenzari.
  1504 | D:3      | Reached skill level 4 in Maces & Flails
  1521 | D:3      | Reached XP level 4. HP: 21/28 MP: 4/4
  1738 | D:3      | Reached skill level 5 in Maces & Flails
  1738 | D:3      | Reached XP level 5. HP: 28/32 MP: 5/5
  2305 | D:4      | Found an opulent altar of Gozag.
  2402 | D:4      | Noticed Menkaure
  2700 | D:3      | Slain by Menkaure

Skill      XL: |  1  2  3  4 |
---------------+-------------+-----
Maces & Flails | 3 4 5 |  5.7
Fighting       | |  3.2
Armour         | |  3.2
Shields        | |  3.2

Action                   |  1- 3 |  4- 6 || total
-------------------------+-------+-------++-------
Melee: Flail             |   111 |   147 ||   258
  Use: Scroll            |     7 |     4 ||    11
       Potion            |     5 |     2 ||     7
 Stab: Distracted        |       |     1 ||     1
  Eat: Ration            |     1 |     1 ||     2
       Chunk             |       |     2 ||     2
Armor: Scale mail        |    83 |    82 ||   165
       Skin              |       |     1 ||     1
Dodge: Dodged            |    51 |    59 ||   110
Block: Shield            |    75 |    86 ||   161
